 Dungeon Crawl Stone Soup version 0.21.1-1-g345015f (webtiles) character file.

1022476 w00t the Conqueror (level 27, -6/185 HPs)
             Began as a Gargoyle Earth Elementalist on Apr 1, 2018.
             Was the Champion of Sif Muna.
             Killed from afar by a Brimstone Fiend (38 damage)
             ... with damnation
             ... on level 7 of Gehenna on Apr 5, 2018.
             The game lasted 18:12:22 (152699 turns).

w00t the Conqueror (Gargoyle Earth Elementalist)  Turns: 152699, Time: 18:12:23

Health: -6/185     AC: 51    Str: 27    XL:     27
Magic:  12/58      EV: 18    Int: 40    God:    Sif Muna [******]
Gold:   6304       SH: 12    Dex: 16    Spells: 0/70 levels left

rFire    + + +     SeeInvis +   b - +4 flail of w00t's Extinguishment {crush, rN+ Str+3 Int+4}
rCold    + + .     Gourm    .   w - +2 buckler of the Wasteland {rN+ Int+7 SInv}
rNeg     + + +     Faith    .   s - +5 chain mail "Buitolea" {rN+ Regen+ Int+2}
rPois    ∞         Spirit   .   W - -2 hat of the Alchemist {rElec rPois rF+ rC+ rN+ MR+ rMut rCorr}
rElec    +         Reflect  +   e - -1 cloak "Umerph" {Str+6}
rCorr    +         Harm     .   v - +0 pair of gloves of Tartarus {Str+4}
rMut     +                      Z - +2 pair of boots of the Assassin {Detection Stab+ Stlth++}
MR       +++++                  y - amulet of Wuro {Reflect rF++ MR+ SH+2}
Stlth    ++++++++..             j - ring "Gaephu" {Ice MP+9}
HPRegen  0.80/turn              K - ring of Dizikhl Qidgh {Wiz rF+ rC- MR+ Int+4}
MPRegen  0.36/turn

@: swift, lich-form, flying, divine energy, very quick
A: big wings, hooves 1, rugged brown scales 1, thin skeletal structure 1, agile
2, blurry vision 1, dopey 1, frail 1, negative energy resistance 1, electricity
resistance, weak 1, unbreathing, petrification resistance, rot immunity,
MP-powered wands, AC +20
}: 5/15 runes: decaying, slimy, silver, abyssal, gossamer
a: Stop Flying, End Transformation, Stop Divine Energy, Channel Magic, Forget
Spell, Renounce Religion


You were on level 7 of Gehenna.
You worshipped Sif Muna.
Sif Muna was exalted by your worship.
You were not hungry.
You were a lich.
You visited 14 branches of the dungeon, and saw 66 of its levels.
You visited the Abyss 20 times.
You visited 1 bazaar.
You also visited: Labyrinth and Wizlab.

You collected 11894 gold pieces.
You spent 5590 gold pieces at shops.

Inventory:

Hand Weapons
 b - the +4 flail of w00t's Extinguishment (weapon) {crush, rN+ Str+3 Int+4}
   (You found it on level 3 of the Abyss)

   It inflicts extra damage upon your enemies.
   It affects your strength (+3).
   It affects your intelligence (+4).
   It protects you from negative energy.
 c - the +8 frozen axe "Frostbite" {freezing cloud, *Noise +Fly rC+}
   (You took it off an orc on level 8 of the Dungeon)

   It has been specially enchanted to freeze those struck by it, causing extra
   injury to most foes and up to half again as much damage against particularly
   susceptible opponents.
   It can also slow down cold-blooded creatures.
   It protects you from cold.
   It lets you fly.
   It may make noises in combat.
Armour
 e - the -1 cloak "Umerph" (worn) {Str+6}
   (You acquired it on level 10 of the Dungeon)

   It affects your strength (+6).
 s - the +5 chain mail "Buitolea" (worn) {rN+ Regen+ Int+2}
   (You found it on level 4 of the Spider Nest)

   It affects your intelligence (+2).
   It protects you from negative energy.
   It increases your rate of regeneration.
 v - the +0 pair of gloves of Tartarus (worn) {Str+4}
   (You found it on level 4 of the Vaults)

   It affects your strength (+4).
 w - the +2 buckler of the Wasteland (worn) {rN+ Int+7 SInv}
   (You found it on level 1 of the Depths)

   It affects your intelligence (+7).
   It protects you from negative energy.
   It lets you see invisible.
 W - the -2 hat of the Alchemist (worn) {rElec rPois rF+ rC+ rN+ MR+ rMut rCorr}
   (You found it on level 3 of the Elven Halls)

   It protects you from fire.
   It protects you from cold.
   It insulates you from electricity.
   It protects you from poison.
   It protects you from negative energy.
   It affects your resistance to hostile enchantments.
   It protects you from acid and corrosion.
   It protects you from mutation.
 Z - the +2 pair of boots of the Assassin (worn) {Detection Stab+ Stlth++}
   (You found it on level 3 of the Elven Halls)

   It makes you much more stealthy.
Jewellery
 j - the ring "Gaephu" (left hand) {Ice MP+9}
   (You took it off a deep elf mage on level 3 of the Elven Halls)

   [ring of ice]

   It enhances your ice magic.
   It makes you vulnerable to fire.
   It protects you from cold.
   It affects your magic capacity (+9).
 y - the amulet of Wuro (around neck) {Reflect rF++ MR+ SH+2}
   (You found it on level 1 of the Depths)

   [amulet of reflection]

   It shields you and reflects attacks.
   It greatly protects you from fire.
   It affects your resistance to hostile enchantments.
   It affects your SH (+2).
 K - the ring of Dizikhl Qidgh (right hand) {Wiz rF+ rC- MR+ Int+4}
   (You bought it in a shop on level 2 of the Orcish Mines)

   [ring of wizardry]

   It improves your spell success rate.
   It affects your intelligence (+4).
   It protects you from fire.
   It makes you vulnerable to cold.
   It affects your resistance to hostile enchantments.
 U - the ring of Polytheism {rN+ SInv}
   (You took it off a guardian mummy on level 3 of the Crypt)

   [ring of positive energy]

   It protects you from negative energy.
   It lets you see invisible.
Wands
 d - a wand of digging (45) {@Vd}
Scrolls
 k - 2 scrolls of magic mapping {!r}
 n - a scroll of blinking {!r}
 q - a scroll of silence
 t - 24 scrolls of identify {@r1}
 u - 21 scrolls of teleportation
 C - 4 scrolls of acquirement
 G - 11 scrolls of fear
 M - 12 scrolls of fog
 S - 5 scrolls of summoning
 T - 33 scrolls of remove curse {@r2}
Potions
 h - 5 potions of heal wounds {@q2}
 p - 4 potions of mutation {!q}
 x - 7 potions of magic
 z - 8 potions of might
 H - 6 potions of cancellation
 I - 3 potions of resistance
 J - 6 potions of agility
 N - 21 potions of curing {@q1}
 Q - 3 potions of berserk rage {!q}
 R - 8 potions of brilliance
 V - 7 potions of haste
 X - 2 potions of ambrosia
Books
 a - Sif Muna's Catalogue of the Destructive Rocks
   (Sif Muna gifted it to you on level 7 of Gehenna)

   Spells                             Type                      Level
   a - Throw Frost                    Conjuration/Ice              2
   b - Static Discharge               Conjuration/Air              3
   c - Venom Bolt                     Conjuration/Poison           5
   d - Freezing Cloud                 Conjuration/Ice/Air          6
   e - Shatter                        Earth                        9
 g - Vuvek's Papyrus of Ignition and Shape Shifting
   (Sif Muna gifted it to you on level 7 of Gehenna)

   Spells                             Type                      Level
   a - Throw Flame                    Conjuration/Fire             2
   b - Ignite Poison                  Fire/Transmutation/Poison    3
   c - Petrify                        Transmutation/Earth          4
   d - Bolt of Fire                   Conjuration/Fire             6
   e - Ignition                       Fire                         8
Miscellaneous
 f - a phial of floods (inert)
 i - the horn of Geryon
 o - 5 boxes of beasts
 F - 4 phantom mirrors
 Y - 2 sacks of spiders
Comestibles
 l - 2 chunks of flesh
 r - 64 rations


   Skills:
 O Level 27 Fighting
   Level 2.0 Short Blades
 - Level 14.3(15.4) Axes
 - Level 11.1(14.6) Maces & Flails
   Level 1.2(7.2) Staves
 - Level 17.4 Armour
 + Level 13.6 Dodging
 - Level 22.0 Stealth
 - Level 15.0 Shields
 - Level 22.4 Spellcasting
 - Level 20.7 Conjurations
 - Level 7.2 Charms
 * Level 21.8 Necromancy
 - Level 5.0 Translocations
 - Level 10.0 Transmutations
 - Level 21.5 Fire Magic
 - Level 2.5 Air Magic
 - Level 23.7 Earth Magic
 - Level 12.6 Invocations
 - Level 4.9 Evocations


You couldn't memorise any spells.
You knew the following spells:

 Your Spells              Type           Power        Failure   Level  Hunger
b - Iron Shot             Conj/Erth      ########..   1%          6    N/A
c - Death Channel         Necr           ########..   1%          6    N/A
f - Fire Storm            Conj/Fire      ########..   9%          9    N/A
g - Shroud of Golubria    Chrm/Tloc      #######...   1%          2    N/A
h - Swiftness             Chrm/Air       ######..     1%          2    N/A
i - Ignition              Fire           ########..   1%          8    N/A
n - Necromutation         Tmut/Necr      ########..   6%          8    N/A
p - Passage of Golubria   Tloc           N/A          1%          4    N/A
s - Shatter               Erth           ########..   4%          9    N/A
v - Borgnjor's Vile Clut  Necr/Erth      ########..   0%          5    N/A
I - Infestation           Necr           ########..   1%          8    N/A
R - Regeneration          Chrm/Necr      ########..   0%          3    N/A

Dungeon Overview and Level Annotations

Branches:
Dungeon (15/15)            Temple (1/1) D:7            Lair (6/6) D:10
  Swamp (4/4) Lair:4       Spider (4/4) Lair:3        Slime (5/5) Lair:6
    Orc (2/2) D:12            Elf (3/3) Orc:2        Vaults (5/5) D:14
  Crypt (3/3) Vaults:2       Tomb (0/3) Crypt:3      Depths (5/5) D:15
   Hell (1/1)                 Dis (0/7) Hell            Geh (7/7) Hell
    Coc (0/7) Hell            Tar (0/7) Hell            Zot (5/5) Depths:5

Altars:
Ashenzari
Cheibriados
Dithmenos
Elyvilon
Fedhas
Gozag
Hepliaklqana
Kikubaaqudgha
Makhleb
Nemelex Xobeh
Okawaru
Qazlal
Ru
Sif Muna
Trog
Uskayaw
Vehumet
Wu Jian
Xom
Yredelemnul
Zin
The Shining One
Beogh
Jiyva
Lugonu

Shops:
D:4 ?   D:6 *   D:11 (   D:12 ?   D:13 (   Orc:2 [=}!   Elf:1 *   Elf:2 *
Vaults:2 ?   Vaults:5 (   Depths:5 !*

Portals:
Hell: Depths:1 Depths:2 Depths:3 Depths:4 Depths:5
Abyss: Depths:1 Depths:2 Depths:3 Depths:4
Pandemonium: Depths:1 Depths:2 Depths:3 Depths:5
Ziggurat: Depths:5

Annotations:
D:11 exclusion: downstairs
D:12 exclusion: Rupert, Rupert
D:14 exclusion: downstairs
Lair:5 exclusion: 2 downstairs
Lair:6 exclusion: oklob plant
Swamp:2 exclusion: 2 downstairs
Swamp:3 exclusion: 2 downstairs
Spider:2 Jorgrun
Spider:3 exclusion: 2 downstairs
Slime:4 exclusion: 2 downstairs
Elf:1 exclusion: downstairs
Elf:2 exclusion: 2 downstairs
Vaults:1 exclusion: downstairs
Vaults:3 exclusion: 2 downstairs
Vaults:4 exclusion: 2 downstairs
Crypt:2 exclusion: downstairs
Depths:1 exclusion: downstairs
Depths:3 1 transporter
Depths:5 exclusion: upstairs
Zot:2 exclusion: 2 downstairs
Zot:3 exclusion: 2 downstairs
Zot:5 1 exclusion


Innate Abilities, Weirdness & Mutations

You are resistant to torment.
Your stone body is resilient. (AC +20)
You are immune to poison.
Your large and strong wings let you fly indefinitely.
You resist negative energy. (rN+)
You are resistant to electric shocks. (rElec)
You can survive without breathing.
You are immune to petrification.
You are immune to rotting.
You have large cloven feet.
You are partially covered in rugged brown scales. (AC +1, +3% HP)
You have a somewhat thin skeletal structure. (Dex +2, Stealth)
You are very agile. (Dex +4)
Scrolls take you a little longer to read.
You are dopey. (Int -2)
You are frail. (-10% HP)
You are weak. (Str -2)
You expend magic power (3 MP) to strengthen your wands.


Message History

* * * LOW HITPOINT WARNING * * *
The damnation engulfs the balrug.
The damnation engulfs the Brimstone Fiend.
The Brimstone Fiend completely resists.
You block the hell knight's attack.
As you read the scroll of fog, it crumbles to dust.
The scroll dissolves into smoke.
Evoke which item? (* to show all) (? for menu, Esc to quit)
Aim the phial where?
Press: ? - help, Shift-Dir - straight line, f/p - balrug
Aim: a balrug, wielding a demon whip of electrocution (grey smoke, severely wounded)
The torrent of water hits the balrug.
The balrug is doused terribly!
The balrug is almost dead.
The balrug is knocked back by the torrent of water.
The wave splashes down.
The water rises up and takes form.
You hear a shout!
You hear an angry squeal.
The Brimstone Fiend hits you but does no damage. x2
You block the Brimstone Fiend's attack. The Brimstone Fiend gestures at you.
The sphere of damnation explodes!
The damnation engulfs you!
You die...

≈≈§≈#.......#≈1≈≈≈≈
§≈§≈'.#...#.§≈≈≈≈≈≈
≈≈≈'..#.#..'≈≈≈≈≈§
§≈≈#.......#≈§≈≈§§
≈§≈###...###≈≈≈§§≈
≈≈§ ##'#'##≈4≈§≈≈§
≈≈≈§#.§§)1#≈≈§§≈≈≈
≈≈≈≈§.#§#§4≈≈≈§§≈§
≈≈≈≈#R2EL1#§§§≈≈≈≈≈≈
≈≈≈§###§###§§§≈§§§≈
≈≈≈≈##.#p#.###≈≈≈§§
#'###........#≈≈§≈§ '
#.........###'## ..
.##.....#...#...##..
##
..'........##...'..#
.'.
.##........'..#.###.#
#..
#...#.....##...'..#


You could see 2 Brimstone Fiends, a balrug, a hell knight, a red devil and a
friendly water elemental.

Vanquished Creatures
  the Royal Jelly (Slime:5)
  Dissolution (Slime:3)
  7 ancient liches
  Mara (Depths:1)
  8 orbs of fire (Zot:5)
  A greater mummy (Crypt:3)
  Margery (Depths:5)
  Bai Suzhen (Vaults:3)
  A curse toe (Zot:1)
  3 Killer Klowns
  5 profane servitors
  2 caustic shrikes (Depths:4)
  Geryon (Hell)
  11 golden dragons
  39 bone dragons
  5 electric golems
  6 hellephants
  10 Brimstone Fiends
  23 liches
  9 quicksilver dragons
  20 tentacled monstrosities
  25 Orb Guardians (Zot:5)
  3 titans
  3 deep elf master archers
  20 acid blobs
  Frances (D:12)
  Kirke (Lair:6)
  11 death cobs
  4 deep elf blademasters
  101 tentacled starspawn
  2 Executioners
  5 thorn hunters
  12 sphinxes
  A kraken (Abyss:1)
  17 tengu reavers
  8 draconian monks
  12 revenants
  15 shadow dragons
  A storm dragon (shapeshifter) (Depths:1)
  16 azure jellies
  13 storm dragons
  A fire giant (shapeshifter) (Depths:2)
  8 draconian knights
  Donald (Spider:1)
  A daeva (Abyss:4)
  18 frost giants
  5 iron dragons
  12 fire giants
  13 cacodemons
  9 deep elf sorcerers
  11 draconian scorchers
  A frost giant (shapeshifter) (Depths:2)
  2 emperor scorpions (Spider:4)
  14 balrugs
  7 ghost moths
  20 vault wardens
  4 deep elf elementalists
  A curse skull (Crypt:1)
  Louise (Spider:2)
  6 draconian stormcallers
  11 draconian shifters
  5 ghouls
  A spriggan defender (Depths:3)
  2 angels
  7 war gargoyles
  8 reapers
  16 ironheart preservers
  3 ophanim (Abyss:1)
  24 stone giants
  45 very ugly things
  7 entropy weavers
  4 draconian annihilators
  7 vampire knights
  10 lorocyprocas
  17 green draconians
  15 deep elf annihilators
  Azrael (Elf:1)
  23 red draconians
  8 deep elf demonologists
  5 spark wasps
  20 yellow draconians
  15 black draconians
  3 blizzard demons
  15 purple draconians
  15 ettins
  18 white draconians
  14 eidola
  9 death oozes
  8 green deaths
  6 mummy priests (Crypt:3)
  12 deep elf death magi
  22 great orbs of eyes
  4 crystal guardians
  A quicksilver dragon zombie (Abyss:1)
  Josephine (Lair:6)
  15 yaktaur captains
  4 deep elf high priests
  16 jiangshi
  12 fire dragons
  A kraken zombie (Hell)
  A great orb of eyes (shapeshifter) (Abyss:1)
  35 vault guards
  Erolcha (D:10)
  3 naga warriors
  A quicksilver dragon skeleton (Geh:6)
  24 rakshasas
  Fannar (D:11)
  8 ice dragons
  2 catoblepae (Lair:6)
  25 hydras
  12 centaur warriors
  6 spriggan air magi
  5 death knights
  The ghost of Prakerore the Carver, a novice MiBe of Trog (D:11)
  5 alligators
  6 tengu warriors
  An anaconda (Abyss:1)
  20 two-headed ogres
  9 deep troll shamans
  A queen ant (Lair:5)
  13 vampire magi
  A queen ant (shapeshifter) (Abyss:3)
  29 dancing weapons
  An alligator (shapeshifter) (Depths:4)
  A death yak (Lair:4)
  8 death scarabs (Spider:4)
  12 deep troll earth magi
  A shock serpent (shapeshifter) (Vaults:5)
  9 ogre magi
  A satyr (Abyss:3)
  20 sun demons
  36 hell hogs
  84 thrashing horrors
  10 soul eaters
  2 iron golems (Hell)
  2 spriggan berserkers (Depths:4)
  Nergalle (D:12)
  A shock serpent (Depths:2)
  26 deep elf knights
  2 storm dragon zombies
  32 hell knights
  2 titan skeletons
  69 wretched stars
  A fire crab (shapeshifter) (Abyss:2)
  6 shadow wraiths
  16 skeletal warriors
  A fire crab (Abyss:3)
  18 spatial maelstroms
  39 sixfirhies
  2 golden dragon zombies
  A salamander mystic (Depths:4)
  2 anaconda zombies
  2 iron trolls
  A ghost moth zombie (Abyss:3)
  9 unseen horrors
  A spectral emperor scorpion (Spider:4)
  5 shadow demons
  2 spriggan druids
  2 death drakes
  A death drake (shapeshifter) (Depths:3)
  15 deep trolls
  10 flayed ghosts
  14 swamp dragons
  An unseen horror (shapeshifter) (Depths:4)
  7 wizards
  22 deep elf archers
  A glowing orange brain (shapeshifter) (Depths:2)
  4 shambling mangroves
  201 starcursed masses
  2 orange crystal statues
  A lindwurm (Lair:6)
  An obsidian statue (Depths:3)
  3 spectral wolf spiders (Spider:4)
  17 glowing orange brains
  A sphinx zombie (Crypt:2)
  5 shadow dragon zombies
  A swamp dragon (shapeshifter) (Elf:1)
  16 orc knights
  14 shining eyes
  5 phantasmal warriors
  2 anaconda skeletons
  A frost giant zombie (Abyss:3)
  16 orb spiders
  9 harpies
  Pikel (D:8)
  11 ironbrand convokers
  10 necromancers
  A statue (Abyss:3)
  2 mana vipers
  3 orc sorcerers
  4 cyclopes
  33 wolf spiders
  4 iron dragon zombies
  A shadow dragon skeleton (Abyss:3)
  2 cyclopes (shapeshifter)
  2 fire giant zombies
  4 manticores
  92 deep elf magi
  An iron dragon skeleton (Abyss:2)
  33 worldbinders
  3 centaur zombies
  25 moths of wrath
  52 ugly things
  A manticore (shapeshifter) (Depths:4)
  2 stone giant zombies
  7 wolf spider zombies
  7 elephants
  8 black mambas
  2 moths of wrath (shapeshifter)
  A shock serpent zombie (Abyss:1)
  11 rust devils
  A dire elephant zombie (Abyss:1)
  3 fire giant skeletons
  3 frost giant skeletons
  5 guardian serpents
  A water nymph (shapeshifter) (Abyss:2)
  An ice statue (Hell)
  3 guardian serpents (shapeshifter)
  5 salamanders
  An alligator snapping turtle zombie (Crypt:2)
  A water nymph (Abyss:3)
  22 vault sentinels
  2 stone giant skeletons
  8 molten gargoyles
  24 apocalypse crabs
  An eye of devastation (shapeshifter) (Abyss:3)
  The ghost of dirtydan the Cleaver, a novice GnWn (D:6)
  3 human skeletons
  28 orange demons
  3 torpor snails
  74 smoke demons
  18 hellions
  4 eyes of devastation
  A rime drake (shapeshifter) (Depths:4)
  3 dire elephant skeletons
  18 spiny frogs
  A shock serpent skeleton (Abyss:1)
  Joseph (D:7)
  2 gargoyles
  An emperor scorpion zombie (Geh:7)
  16 efreet
  8 tormentors
  A catoblepas zombie (Geh:6)
  A yaktaur (shapeshifter) (Vaults:5)
  A spectral redback (Spider:4)
  4 kobold demonologists
  5 rime drakes
  18 freezing wraiths
  32 guardian mummies (Crypt:3)
  A ghost moth simulacrum (Abyss:2)
  57 yaktaurs
  21 hellwings
  15 demonic crawlers
  10 ice devils
  7 komodo dragons
  A golden dragon simulacrum (Abyss:1)
  2 redback zombies (Spider:4)
  7 trolls
  3 hydra zombies
  2 harpy zombies (Geh:7)
  4 meliai
  6 tengu conjurers
  A white draconian skeleton (Crypt:3)
  A silent spectre (Abyss:2)
  74 ancient zymes
  18 red devils
  A queen bee (shapeshifter) (Vaults:3)
  2 meliai (shapeshifter) (Abyss:3)
  6 spectral jumping spiders
  A tyrant leech (shapeshifter) (Depths:2)
  A troll (shapeshifter) (Abyss:1)
  31 jumping spiders
  3 tyrant leeches
  2 harpy skeletons
  A wolf spider simulacrum (Abyss:3)
  6 spectral tarantellas (Spider:4)
  A wind drake (Abyss:1)
  3 alligator zombies
  223 large abominations
  5 bog bodies
  3 hydra skeletons
  A hornet (shapeshifter) (Abyss:3)
  34 hornets
  138 raiju
  32 blink frogs
  2 fire dragon zombies
  An iron dragon simulacrum (Abyss:2)
  2 hippogriffs (shapeshifter)
  A dream sheep (Lair:6)
  A tarantella zombie (Spider:4)
  72 flying skulls
  2 wind drakes (shapeshifter)
  A meliai zombie (D:14)
  2 fire giant simulacra
  A jumping spider zombie (Spider:4)
  8 hippogriffs
  An alligator skeleton (Abyss:3)
  2 ice dragon zombies (Abyss:1)
  10 air elementals
  140 slime creatures
  21 shadows
  32 tarantellas
  A shock serpent simulacrum (Abyss:1)
  71 redbacks
  7 water elementals
  8 spriggans
  27 wraiths
  3 ettin skeletons
  2 redbacks (shapeshifter)
  3 yaks (shapeshifter)
  7 fire dragon skeletons
  4 wyverns
  6 ice dragon skeletons
  Sigmund (D:5)
  54 ynoxinuls
  6 ushabtiu (Crypt:3)
  Grum (D:9)
  230 small abominations
  22 fire bats
  A spriggan (shapeshifter) (D:14)
  A black mamba zombie (Geh:1)
  A hog (Lair:6)
  8 vampires
  30 yaks
  A fire bat (shapeshifter) (D:15)
  A golden eye (shapeshifter) (Depths:4)
  37 golden eyes
  5 steam dragons
  4 basilisks
  15 hungry ghosts
  24 fire elementals
  A black mamba skeleton (Geh:2)
  A human simulacrum (Vaults:3)
  41 neqoxecs
  A gelid demonspawn zombie (Abyss:1)
  68 spatial vortices
  3 harpy simulacra
  A warg (shapeshifter) (Abyss:1)
  17 swamp worms
  23 vampire mosquitoes
  43 chaos spawn
  3 acid dragons
  24 insubstantial wisps
  A merfolk zombie (Abyss:3)
  4 nagas
  A swamp worm (shapeshifter) (Vaults:5)
  11 wargs
  4 spiny frog zombies
  12 soldier ants (Lair:5)
  Edmund (D:5)
  An acid dragon (shapeshifter) (Vaults:2)
  A human zombie (Vaults:3)
  A soldier ant (shapeshifter) (Abyss:1)
  A gelid demonspawn skeleton (Crypt:1)
  29 hell hounds
  2 spectral hornets (Spider:4)
  15 water moccasins
  A hornet zombie (Crypt:1)
  5 porcupines
  A torturous demonspawn skeleton (Crypt:1)
  14 ice beasts
  A sky beast (shapeshifter) (Depths:4)
  65 orc warriors
  13 swamp drakes
  3 phantoms
  A swamp dragon zombie (Abyss:2)
  14 eyes of draining
  5 sky beasts
  2 alligator simulacra
  4 necrophages
  A slave (D:8)
  A boggart (shapeshifter) (Depths:2)
  2 ettin simulacra (Abyss:1)
  11 boggarts
  3 manticore zombies
  An orc zombie (Vaults:1)
  A black mamba simulacrum (Abyss:3)
  25 ogres
  2 spiny frog skeletons
  An elephant skeleton (Crypt:2)
  10 wolves
  A snapping turtle skeleton (Geh:3)
  4 centaurs
  An elf skeleton (Vaults:1)
  A blink frog skeleton (Crypt:3)
  A crocodile (shapeshifter) (Abyss:3)
  Blork the orc (D:6)
  An orc skeleton (Vaults:1)
  6 crocodiles
  A rime drake skeleton (Crypt:3)
  A draconian zombie (Crypt:3)
  A gnoll sergeant (D:9)
  3 big kobolds
  17 bullfrogs
  2 elf zombies (Elf:1)
  A spiny frog simulacrum (Abyss:1)
  A yaktaur skeleton (Vaults:1)
  A water moccasin zombie (D:11)
  6 earth elementals
  A wyvern skeleton (D:13)
  2 scorpions
  8 killer bees
  A manticore simulacrum (Abyss:1)
  63 wights
  A spriggan zombie (Geh:2)
  7 howler monkeys
  4 bullfrog zombies
  4 electric eels
  9 crimson imps
  29 quasits
  9 hounds
  45 iron imps
  5 jellies
  31 orc priests
  2 centaur skeletons
  5 bullfrog skeletons
  5 iguanas
  24 orc wizards
  30 worker ants
  A black bear skeleton (Crypt:3)
  9 hell rats
  Ijyb (D:5)
  A killer bee zombie (D:7)
  A tengu zombie (Crypt:2)
  A crocodile skeleton (Crypt:1)
  A hound zombie (D:7)
  A hound skeleton (D:5)
  15 mummies (Crypt:3)
  2 howler monkey skeletons
  14 gnolls
  17 adders
  5 shadow imps
  33 white imps
  40 ufetubi
  An adder zombie (Crypt:1)
  A halfling zombie (Crypt:3)
  A lava snake zombie (Crypt:1)
  2 worms (D:2)
  A barachi skeleton (Crypt:2)
  4 dart slugs
  4 leopard geckos
  125 orcs
  2 bats
  7 giant cockroaches
  8 goblins
  3 hobgoblins
  8 jackals
  16 kobolds
  5 quokkas
  3 ball pythons (D:3)
  A giant cockroach zombie (Crypt:3)
  A leopard gecko zombie (D:8)
  A quokka zombie (D:9)
  6 rats
  2 crawling corpses (Vaults:5)
  8 fire vortices
  2 fungi (Lair:5)
  9 lurking horrors
  7 plants
  41 starspawn tentacles
  2 tentacles (Abyss:1)
5497 creatures vanquished.

Vanquished Creatures (collateral kills)
  11 Brimstone Fiends
  A tentacled monstrosity (Zot:3)
  A lich (Abyss:1)
  2 tentacled starspawn
  A shadow dragon (Depths:4)
  A revenant (Abyss:2)
  A draconian monk (Zot:3)
  A fire giant (Geh:7)
  3 balrugs
  A draconian stormcaller (Abyss:1)
  A very ugly thing (Abyss:1)
  9 starcursed masses
  3 reapers
  2 entropy weavers
  A white draconian (Zot:3)
  A minotaur (Lair:1)
  A fire dragon (Depths:4)
  2 quicksilver dragon skeletons
  7 hydras
  A naga warrior (Abyss:1)
  A two-headed ogre (Vaults:4)
  An alligator (Swamp:3)
  A tengu warrior (Depths:4)
  2 titan zombies
  18 hell hogs
  4 thrashing horrors
  2 storm dragon zombies
  10 sun demons
  13 hell knights
  2 spatial maelstroms
  A storm dragon skeleton (Geh:4)
  4 flayed ghosts
  An anaconda zombie (Geh:4)
  A sixfirhy (Abyss:1)
  A ghost moth zombie (Geh:2)
  4 swamp dragons
  An iron dragon zombie (Geh:5)
  2 shadow dragon zombies
  A fire giant zombie (Geh:5)
  2 mana vipers (Abyss:2)
  An orc knight (Vaults:3)
  A golden dragon skeleton (Geh:6)
  2 frost giant zombies
  3 salamanders
  A cyclops (shapeshifter) (Abyss:2)
  3 shadow dragon skeletons
  10 smoke demons
  2 iron dragon skeletons
  A worldbinder (Abyss:1)
  A rust devil (Geh:3)
  3 fire giant skeletons
  5 elephants
  A stone giant skeleton (Geh:5)
  2 frost giant skeletons
  A shock serpent zombie (Geh:7)
  5 molten gargoyles
  4 hellions
  A spiny frog (Lair:3)
  2 komodo dragons (Lair:6)
  5 efreet
  4 tormentors
  A freezing wraith (Vaults:4)
  A yaktaur (Vaults:4)
  3 ancient zymes
  10 red devils
  2 hydra zombies
  A tyrant leech (Swamp:2)
  2 hydra skeletons
  An ice dragon zombie (Geh:6)
  A blink frog (Abyss:1)
  An ettin zombie (Geh:1)
  17 raiju
  A harpy skeleton (Geh:6)
  22 flying skulls
  7 large abominations
  2 slime creatures
  A spriggan (Swamp:2)
  A ynoxinul (Abyss:2)
  2 ettin skeletons (Geh:3)
  2 tarantellas
  9 wraiths
  4 shadows
  A hog (Lair:6)
  2 yaks (Lair:6)
  2 hungry ghosts (Abyss:1)
  2 fire dragon skeletons (Geh:4)
  2 neqoxecs (Abyss:2)
  21 fire elementals
  8 small abominations
  A naga (Abyss:1)
  6 swamp worms
  A warg (Orc:2)
  An acid dragon (D:15)
  2 spatial vortices (Abyss:2)
  A torturous demonspawn zombie (Geh:3)
  2 spiny frog zombies
  2 porcupines (Lair:3)
  9 hell hounds
  6 swamp drakes
  A phantom (Geh:3)
  3 snapping turtle zombies
  2 necrophages
  An ogre (Vaults:4)
  2 crocodiles (Lair:6)
  A snapping turtle skeleton (Geh:3)
  23 wights
  2 crimson imps
  A quasit (Abyss:1)
  A jelly (Abyss:1)
  2 iron imps (Abyss:2)
  A naga zombie (Geh:1)
  3 adders (Lair:3)
  3 white imps
  2 orcs (Orc:2)
  An orc skeleton (Geh:4)
  8 starspawn tentacles
398 creatures vanquished.

Vanquished Creatures (others)
  Nikola (Spider:3)
  An Executioner (Abyss:1)
  3 tentacled starspawn
  2 tengu reavers
  A stone giant (Depths:4)
  2 hell hogs
  A thrashing horror (Abyss:3)
  A deep elf archer (Elf:3)
  2 worldbinders
  An iron dragon zombie (Geh:7)
  An iron dragon skeleton (Geh:7)
  A smoke demon (Hell)
  2 hellions (Geh:7)
  2 yaktaurs
  A hornet (Swamp:3)
  A jumping spider (Spider:4)
  A raiju (Abyss:2)
  A hydra skeleton (Geh:1)
  2 large abominations
  An ettin zombie (Geh:7)
  A spriggan (Swamp:3)
  2 ettin skeletons
  2 flying skulls (Geh:7)
  A fire dragon skeleton (Geh:7)
  A tarantella (Spider:3)
  A fire bat (Abyss:3)
  2 humans (Lair:6)
  A golden eye (Abyss:1)
  A yak (Lair:6)
  A spatial vortex (Abyss:3)
  A centaur (Vaults:3)
  6 small abominations
  A spiny frog simulacrum (Abyss:3)
  A wight (Geh:1)
  2 jellies (Abyss:3)
  A hell rat (Hell)
  An ogre skeleton (Geh:7)
  A tengu skeleton (Abyss:1)
  A white imp (Abyss:1)
  2 ufetubi
  4 bushes (Abyss:1)
  5 fire vortices
  27 fungi
  5 lurking horrors
  39 plants
  224 starspawn tentacles
  8 tentacles
370 creatures vanquished.

Grand Total: 6265 creatures vanquished

Notes
Turn   | Place    | Note
-------+----------+-------------------------------------------
     0 | D:1      | w00t the Gargoyle Earth Elementalist began the quest for the Orb.
     0 | D:1      | Reached XP level 1. HP: 10/10 MP: 3/3
   386 | D:1      | Reached skill level 1 in Fighting
   386 | D:1      | Reached XP level 2. HP: 15/16 MP: 0/5
   880 | D:1      | Reached XP level 3. HP: 20/20 MP: 6/6
  1192 | D:2      | Found a faded altar of an unknown god.
  1277 | D:2      | Reached skill level 1 in Shields
  1608 | D:2      | Reached XP level 4. HP: 8/25 MP: 7/7
  1910 | D:3      | Learned a level 3 spell: Stone Arrow
  1913 | D:3      | Learned a level 2 spell: Passwall
  2084 | D:3      | Reached skill level 1 in Short Blades
  2184 | D:2      | Reached skill level 1 in Conjurations
  2190 | D:2      | Reached XP level 5. HP: 8/29 MP: 3/8
  2516 | D:3      | You fall through a shaft!
  3200 | D:4      | Reached XP level 6. HP: 34/34 MP: 5/9
  3305 | D:4      | Found Fuihivan's Magic Scroll Boutique.
  3450 | D:4      | Bought a scroll of teleportation for 33 gold pieces
  3450 | D:4      | Bought a scroll of teleportation for 33 gold pieces
  4204 | D:5      | Entered Level 5 of the Dungeon
  4387 | D:5      | Reached XP level 7. HP: 36/38 MP: 3/10
  4471 | D:5      | Noticed Sigmund
  4493 | D:5      | Found a sparkling altar of Nemelex Xobeh.
  4626 | D:5      | Noticed Edmund
  4675 | D:5      | Killed Edmund
  4791 | D:5      | Reached skill level 5 in Earth Magic
  5201 | D:5      | Reached XP level 8. HP: 32/43 MP: 0/11
  5341 | D:5      | Noticed Ijyb
  5728 | D:6      | Noticed Blork the orc
  5799 | D:6      | Found Itaothra's Assorted Antiques.
  5810 | D:6      | Bought a notched peridot ring for 95 gold pieces
  6586 | D:6      | Noticed dirtydan's ghost (novice GnWn)
  6623 | D:6      | Killed dirtydan's ghost
  6623 | D:6      | Reached XP level 9. HP: 45/47 MP: 0/18
  6940 | D:6      | Gained mutation: You are partially covered in rugged brown scales. (AC +1, +3% HP) [potion of mutation]
  6940 | D:6      | Gained mutation: You are dopey. (Int -2) [potion of mutation]
  6940 | D:6      | Lost mutation: You are dopey. (Int -2) [potion of mutation]
  7240 | D:7      | Found a staircase to the Ecumenical Temple.
  7257 | D:7      | Reached skill level 2 in Fighting
  7257 | D:7      | Reached skill level 1 in Armour
  7347 | D:7      | Learned a level 5 spell: Lee's Rapid Deconstruction
  7628 | D:7      | Noticed Joseph
  7905 | D:8      | Reached skill level 3 in Fighting
  8411 | D:8      | Found an ornate altar of the Wu Jian Council.
  8427 | D:8      | Reached XP level 10. HP: 57/57 MP: 22/22
  8750 | Temple   | Entered the Ecumenical Temple
  9019 | Temple   | Became a worshipper of Sif Muna the Loreminder
  9267 | D:5      | Killed Sigmund
  9387 | D:5      | Killed Ijyb
  9387 | D:5      | Reached skill level 1 in Axes
  9513 | D:6      | Killed Blork the orc
  9626 | D:7      | Killed Joseph
  9812 | D:7      | Got a slimy scale mail
  9813 | D:7      | Identified the cursed +0 scale mail of Ydwot {MR+ rCorr} (You found it on level 7 of the Dungeon)
 10476 | D:8      | Noticed Pikel
 10485 | D:8      | Killed Pikel
 10485 | D:8      | Reached skill level 10 in Earth Magic
 10616 | D:9      | Noticed a two-headed ogre
 10714 | D:9      | Reached * piety under Sif Muna
 10721 | D:9      | Reached skill level 4 in Fighting
 11064 | D:9      | Killed a two-headed ogre
 11072 | D:9      | Noticed Grum
 11254 | D:9      | Killed Grum
 11470 | D:9      | Reached XP level 11. HP: 53/63 MP: 24/24
 11533 | D:9      | Reached skill level 5 in Fighting
 11674 | D:9      | Got an ancient leather armour
 11675 | D:9      | Identified the cursed +1 leather armour of the Trombone {rElec Dex+4} (You found it on level 9 of the Dungeon)
 11874 | D:10     | Entered Level 10 of the Dungeon
 12434 | D:10     | Reached skill level 5 in Armour
 12446 | D:10     | Reached ** piety under Sif Muna
 12493 | D:10     | Noticed Erolcha
 12496 | D:10     | Killed Erolcha
 12496 | D:10     | Reached skill level 10 in Spellcasting
 12521 | D:10     | Reached skill level 6 in Fighting
 12994 | D:10     | Found a staircase to the Lair.
 13814 | D:11     | Noticed a cyclops
 13822 | D:11     | Killed a cyclops
 13823 | D:11     | Noticed a manticore
 13985 | D:11     | Killed a manticore
 14203 | D:11     | Learned a level 2 spell: Shroud of Golubria
 14286 | D:11     | Noticed a purple ugly thing
 14296 | D:11     | Killed a purple ugly thing
 14435 | D:11     | Noticed Prakerore's ghost (novice MiBe)
 14444 | D:11     | Reached skill level 5 in Axes
 14457 | D:11     | Killed Prakerore's ghost
 14457 | D:11     | Reached skill level 1 in Charms
 14457 | D:11     | Reached skill level 1 in Translocations
 14733 | D:11     | Found Yxtuthri's Antique Weapon Shoppe.
 14839 | D:11     | Noticed a deep elf mage
 14846 | D:11     | Killed a deep elf mage
 14846 | D:11     | Reached skill level 7 in Fighting
 14857 | D:11     | Reached XP level 12. HP: 74/74 MP: 26/26
 15266 | D:11     | Learned a level 4 spell: Petrify
 15407 | Lair:1   | Entered Level 1 of the Lair of Beasts
 15562 | Lair:1   | Found a labyrinth entrance.
 15581 | Lab      | Entered a labyrinth
 15733 | Lab      | Noticed a minotaur
 16435 | Lair:2   | Learned a level 2 spell: Swiftness
 16565 | Lair:2   | Reached skill level 1 in Evocations
 17473 | Lair:3   | You fall through a shaft for 3 floors!
 17473 | Lair:6   | Entered Level 6 of the Lair of Beasts
 17530 | Lair:4   | Reached skill level 1 in Air Magic
 17673 | Lair:4   | Reached skill level 8 in Fighting
 18277 | Lair:4   | Noticed a death yak
 18297 | Lair:4   | Killed a death yak
 18326 | Lair:4   | Reached *** piety under Sif Muna
 18598 | Lair:4   | Found a staircase to the Swamp.
 18974 | Lair:5   | Reached XP level 13. HP: 81/81 MP: 14/27
 19399 | Lair:5   | Noticed an entropy weaver
 19715 | Lair:5   | Noticed an entropy weaver
 19726 | Lair:5   | Killed an entropy weaver
 20324 | Lair:5   | Learned a level 1 spell: Animate Skeleton
 20328 | Lair:5   | Learned a level 3 spell: Regeneration
 20613 | Lair:5   | Killed an entropy weaver
 20613 | Lair:5   | Reached skill level 9 in Fighting
 20802 | Lair:5   | Learned a level 5 spell: Borgnjor's Vile Clutch
 20823 | Lair:6   | Reached skill level 1 in Necromancy
 20843 | Lair:6   | Noticed Kirke
 20857 | Lair:6   | Killed Kirke
 20860 | Lair:6   | Reached **** piety under Sif Muna
 21004 | Lair:6   | Reached skill level 5 in Dodging
 21198 | Lair:6   | Found a staircase to the Slime Pits.
 21314 | Lair:6   | Noticed Josephine
 21517 | Lair:5   | Reached skill level 10 in Fighting
 21526 | Lair:5   | Gained mutation: Your large and strong wings let you fly indefinitely. [Gargoyle growth]
 21526 | Lair:5   | Reached XP level 14. HP: 49/90 MP: 4/28
 21904 | Lair:6   | Reached skill level 1 in Invocations
 22743 | Lair:6   | Killed Josephine
 23465 | D:12     | Noticed Fannar
 23496 | D:11     | Killed Fannar
 23745 | D:4      | Bought a scroll of enchant armour for 82 gold pieces
 23745 | D:4      | Bought a scroll of blinking for 82 gold pieces
 23745 | D:4      | Bought a scroll of blinking for 82 gold pieces
 23937 | D:12     | Reached ***** piety under Sif Muna
 23937 | D:12     | Identified Sif Muna's Reference Book on Toxins and Enhancements (Sif Muna gifted it to you on level 12 of the Dungeon)
 23937 | D:12     | Received a gift from Sif Muna
 24078 | D:12     | Noticed Frances
 24441 | Swamp:1  | Entered Level 1 of the Swamp
 24846 | Swamp:1  | Reached skill level 5 in Necromancy
 24847 | Swamp:1  | Reached skill level 11 in Fighting
 25295 | Swamp:2  | Cast into level 3 of the Abyss (the power of Zot)
 25296 | Abyss:3  | Noticed a cacodemon
 25300 | Abyss:3  | Noticed a cacodemon
 25300 | Abyss:3  | Noticed a starcursed mass
 25304 | Abyss:3  | Noticed an Executioner
 25304 | Abyss:3  | Noticed a green very ugly thing
 25304 | Abyss:3  | Noticed a green very ugly thing
 25304 | Abyss:3  | Noticed a green very ugly thing
 25327 | Abyss:3  | Noticed a hellephant
 25328 | Abyss:3  | Got an ebony flail
 25382 | Abyss:3  | Noticed a daeva
 25421 | Abyss:3  | Noticed a profane servitor
 25504 | Abyss:3  | Noticed a tentacled starspawn
 25522 | Abyss:3  | Killed a tentacled starspawn
 25522 | Abyss:3  | Reached skill level 5 in Stealth
 25522 | Abyss:3  | Reached skill level 5 in Charms
 25522 | Abyss:3  | Reached XP level 15. HP: 49/96 MP: 11/29
 25570 | Abyss:3  | Noticed a tentacled starspawn
 25821 | Swamp:2  | Escaped the Abyss
 26879 | Swamp:2  | Found a burning altar of Makhleb.
 26976 | Swamp:3  | Identified Sif Muna's Almanac of Lethal Flames (Sif Muna gifted it to you on level 3 of the Swamp)
 26976 | Swamp:3  | Received a gift from Sif Muna
 27146 | Swamp:3  | Noticed a thorn hunter
 27326 | Swamp:2  | Killed a thorn hunter
 27593 | Swamp:3  | Noticed a thorn hunter
 28009 | Swamp:3  | Killed a thorn hunter
 28230 | Swamp:3  | Learned a level 5 spell: Bolt of Magma
 28369 | Swamp:3  | Reached skill level 1 in Fire Magic
 28728 | Swamp:3  | Identified the +4 flail of w00t's Extinguishment {crush, rN+ Str+3 Int+4} (You found it on level 3 of the Abyss)
 28768 | Swamp:4  | Entered Level 4 of the Swamp
 29100 | Swamp:4  | Reached skill level 5 in Conjurations
 29486 | Swamp:4  | Reached XP level 16. HP: 86/103 MP: 14/30
 29671 | Swamp:4  | Noticed a thorn hunter
 30754 | Swamp:3  | Identified Sif Muna's Handbook of Scorching Stones (Sif Muna gifted it to you on level 3 of the Swamp)
 30754 | Swamp:3  | Received a gift from Sif Muna
 30769 | Swamp:3  | Learned a level 6 spell: Iron Shot
 30975 | Swamp:4  | Noticed a thorn hunter
 31939 | Lair:1   | You are sucked into a shaft!
 32088 | Slime:1  | Entered Level 1 of the Pits of Slime
 32088 | Slime:1  | Noticed an acid blob
 32094 | Lair:6   | Killed an acid blob
 32188 | Slime:1  | Reached skill level 5 in Fire Magic
 32188 | Slime:1  | Gained mutation: You are frail. (-10% HP) [a shining eye]
 32189 | Slime:1  | Gained mutation: You occasionally shout uncontrollably at your foes. [a shining eye]
 32190 | Slime:1  | Gained mutation: You sometimes yell uncontrollably at your foes. [a shining eye]
 32373 | D:12     | Found Sungicur's Magic Scroll Boutique.
 32388 | D:12     | Bought a scroll of teleportation for 36 gold pieces
 32388 | D:12     | Bought a scroll of teleportation for 36 gold pieces
 32388 | D:12     | Bought a scroll of enchant armour for 90 gold pieces
 32388 | D:12     | Bought a scroll of acquirement for 624 gold pieces
 32908 | D:12     | Noticed Nergalle
 32925 | D:12     | Killed Nergalle
 33138 | D:12     | Noticed Rupert
 33378 | D:12     | Found a staircase to the Orcish Mines.
 33464 | Orc:1    | Entered Level 1 of the Orcish Mines
 33723 | Orc:1    | Found a roughly hewn altar of Beogh.
 34246 | Orc:2    | Entered Level 2 of the Orcish Mines
 34768 | Orc:2    | Found a roughly hewn altar of Beogh.
 35125 | Orc:2    | Found Sackib's Distillery.
 35125 | Orc:2    | Found Qarr's Gadget Shop.
 35134 | Orc:2    | Found a roughly hewn altar of Beogh.
 35717 | Orc:2    | Bought a potion of agility for 40 gold pieces
 35717 | Orc:2    | Bought a potion of heal wounds for 50 gold pieces
 35717 | Orc:2    | Bought a potion of magic for 80 gold pieces
 35717 | Orc:2    | Bought a potion of haste for 100 gold pieces
 35844 | Orc:2    | Found Vopt's Jewellery Shoppe.
 35844 | Orc:2    | Found Foxeamn's Antique Armour Shop.
 36035 | Orc:2    | Found a staircase to the Elven Halls.
 36770 | Orc:2    | Bought a runed cloak for 187 gold pieces
 36938 | Orc:2    | Bought the ring of Dizikhl Qidgh {Wiz rF+ rC- MR+ Int+4} for 765 gold pieces
 37075 | D:10     | Got a bloodstained cloak
 37078 | D:10     | Identified the -1 cloak "Umerph" {Str+6} (You acquired it on level 10 of the Dungeon)
 37098 | D:10     | Got a warped hat
 37099 | D:10     | Identified the +2 hat of the Last Wonders {MR+ Dex+4} (You acquired it on level 10 of the Dungeon)
 37154 | D:12     | Killed Frances
 37872 | D:13     | Identified Sif Muna's Papyrus of Stolen Souls (Sif Muna gifted it to you on level 13 of the Dungeon)
 37872 | D:13     | Received a gift from Sif Muna
 37872 | D:13     | Reached skill level 12 in Fighting
 38152 | D:13     | Found Ocrasto's Antique Weapon Shoppe.
 38734 | D:14     | Reached XP level 17. HP: 90/98 MP: 31/31
 39164 | D:14     | Found a gate to the Vaults.
 39385 | D:13     | Reached skill level 10 in Conjurations
 39722 | D:14     | Reached skill level 10 in Stealth
 39975 | D:14     | Found a runed door.
 40542 | D:15     | Entered Level 15 of the Dungeon
 40542 | D:15     | Found an ornate altar of the Wu Jian Council.
 40964 | D:14     | Reached skill level 13 in Fighting
 41932 | D:15     | Found a gateway to a bazaar.
 41948 | D:15     | Reached skill level 10 in Axes
 42233 | D:15     | Found a staircase to the Depths.
 43252 | Lair:3   | Found a hole to the Spider Nest.
 44766 | Swamp:4  | Got a decaying rune of Zot
 45194 | Spider:1 | Entered Level 1 of the Spider Nest
 45205 | Spider:1 | Identified Alotoc's Volume of the Blaze and Conjuration (Sif Muna gifted it to you on level 1 of the Spider Nest)
 45205 | Spider:1 | Received a gift from Sif Muna
 45214 | Spider:1 | Noticed Donald
 45220 | Spider:1 | Killed Donald
 45220 | Spider:1 | Reached XP level 18. HP: 100/107 MP: 6/32
 46046 | Spider:1 | Reached skill level 14 in Fighting
 46514 | Spider:2 | Noticed Louise
 46868 | Spider:2 | Noticed Jorgrun
 46926 | Spider:2 | Killed Louise
 48129 | Spider:3 | Noticed Nikola
 48174 | Spider:3 | Killed Nikola
 48694 | Bazaar   | Entered a bazaar
 48698 | Bazaar   | Found Hiec's Antique Weapon Boutique.
 48720 | Bazaar   | Found Kimo's Antique Weapon Emporium.
 48738 | Bazaar   | Found Pemevi's Book Boutique.
 48756 | Bazaar   | Found Vesien's Antique Armour Shoppe.
 48845 | Bazaar   | Bought a book of Power for 495 gold pieces
 48860 | Bazaar   | Bought a translucent chain mail for 313 gold pieces
 48860 | Bazaar   | Identified the cursed +1 chain mail of Olumeoh {Regen+ Str+4 Dex-5} (You bought it in a shop in a bazaar)
 49022 | D:10     | Learned a level 7 spell: Orb of Destruction
 49368 | Spider:4 | Entered Level 4 of the Spider Nest
 49378 | Spider:4 | Identified Qegreg's Papyrus of Igneous Beguiling (Sif Muna gifted it to you on level 4 of the Spider Nest)
 49378 | Spider:4 | Received a gift from Sif Muna
 49840 | Spider:4 | Reached skill level 15 in Earth Magic
 49911 | Spider:4 | Got an encrusted chain mail
 49912 | Spider:4 | Identified the +5 chain mail "Buitolea" {rN+ Regen+ Int+2} (You found it on level 4 of the Spider Nest)
 51532 | Spider:4 | Reached XP level 19. HP: 88/113 MP: 8/34
 52699 | Spider:4 | Identified Sif Muna's Volume of Aerial Sinister Rituals (Sif Muna gifted it to you on level 4 of the Spider Nest)
 52699 | Spider:4 | Received a gift from Sif Muna
 52820 | Spider:4 | Got a gossamer rune of Zot
 52913 | Spider:4 | Reached skill level 15 in Fighting
 53344 | Slime:1  | Gained mutation: Scrolls take you a little longer to read. [a shining eye]
 53806 | Slime:2  | Gained mutation: You are dopey. (Int -2) [a shining eye]
 54214 | Elf:1    | Entered Level 1 of the Elven Halls
 54678 | Elf:1    | Found Xicin's Assorted Antiques.
 54694 | Elf:1    | Bought a transparent copper ring for 150 gold pieces
 54696 | Elf:1    | Identified the ring "Omenulir" {rPois rN+ Int+2 Stlth-} (You bought it in a shop on level 1 of the Elven Halls)
 55746 | Elf:1    | Noticed Azrael
 55751 | Elf:1    | Killed Azrael
 56231 | Elf:1    | Identified the Almanac of Proximity
 56414 | Elf:3    | Entered Level 3 of the Elven Halls
 57008 | Elf:2    | Reached XP level 20. HP: 119/119 MP: 26/36
 57017 | Elf:2    | Found a runed gate.
 57017 | Elf:2    | Found a runed gate.
 57017 | Elf:2    | Found a runed gate.
 58011 | Elf:2    | Found Unugiterr's General Store.
 58016 | Elf:2    | Bought a potion of resistance for 160 gold pieces
 58016 | Elf:2    | Bought a potion of curing for 48 gold pieces
 58016 | Elf:2    | Bought a scroll of teleportation for 48 gold pieces
 58016 | Elf:2    | Bought a potion of brilliance for 64 gold pieces
 59004 | Elf:3    | Reached skill level 10 in Armour
 60507 | Elf:3    | Identified Sif Muna's Incunabulum of Confrontation (Sif Muna gifted it to you on level 3 of the Elven Halls)
 60507 | Elf:3    | Received a gift from Sif Muna
 61593 | Elf:3    | Got a polished dire flail {crush}
 61596 | Elf:3    | Identified the cursed +0 dire flail of Battle {crush, rC+ Str+3} (You took it off a deep elf death mage on level 3 of the Elven Halls)
 61780 | Elf:3    | Found the +2 pair of boots of the Assassin {Detection Stab+ Stlth++}
 61781 | Elf:3    | Found the -2 hat of the Alchemist {rElec rPois rF+ rC+ rN+ MR+ rMut rCorr}
 61828 | Elf:3    | Identified the Disquisition on the Virous Escort
 61854 | Elf:3    | Got a scintillating marble ring
 61861 | Elf:3    | Got a sapphire scimitar {flame}
 62056 | D:10     | Identified the +10 scimitar of Toastroca {flame, rF+ Int+7 Stlth-} (You took it off a deep elf annihilator on level 3 of the Elven Halls)
 62058 | D:10     | Identified the ring "Miaze" {rPois Stlth-} (You took it off a deep elf annihilator on level 3 of the Elven Halls)
 62341 | Elf:3    | Got a faintly glowing silver ring
 62366 | Elf:3    | Identified the Catalogue of Beguiling
 62401 | Elf:3    | Identified the ring "Gaephu" {Ice MP+9} (You took it off a deep elf mage on level 3 of the Elven Halls)
 62509 | Elf:3    | Reached XP level 21. HP: 121/124 MP: 37/37
 62998 | Vaults:1 | Entered Level 1 of the Vaults
 64219 | Vaults:1 | Found Rastiest's Food Shoppe.
 64400 | Vaults:1 | Reached skill level 15 in Conjurations
 64895 | Vaults:1 | Identified Tifaq's Compendium of Igneous Feathers
 65321 | Vaults:2 | Reached skill level 10 in Dodging
 66301 | Vaults:2 | Received a gift from Sif Muna
 66758 | Vaults:2 | Found a staircase to the Crypt.
 67238 | Vaults:2 | Found Jineizuk's Magic Scroll Emporium.
 67263 | Vaults:2 | Bought a scroll of teleportation for 51 gold pieces
 67922 | Vaults:3 | Reached XP level 22. HP: 124/130 MP: 17/38
 68061 | Vaults:3 | Noticed Bai Suzhen
 68075 | Vaults:3 | Killed Bai Suzhen
 68360 | Vaults:3 | Identified the Grimoire of the Glacier
 68957 | Vaults:3 | Identified Gutiebb's Collected Works on Shifting Ignition (Sif Muna gifted it to you on level 3 of the Vaults)
 68957 | Vaults:3 | Received a gift from Sif Muna
 70666 | Vaults:4 | Got a pair of ancient gloves
 70669 | Vaults:4 | Identified the +0 pair of gloves of Tartarus {Str+4} (You found it on level 4 of the Vaults)
 71783 | Vaults:4 | Identified Sif Muna's Handbook of Dark Combat Magic (Sif Muna gifted it to you on level 4 of the Vaults)
 71783 | Vaults:4 | Received a gift from Sif Muna
 71825 | Vaults:4 | Reached XP level 23. HP: 112/133 MP: 9/40
 71986 | Vaults:4 | Reached skill level 10 in Necromancy
 72852 | Depths:1 | Entered Level 1 of the Depths
 73291 | Slime:2  | Gained mutation: You expend magic power (3 MP) to strengthen your wands. [a shining eye]
 73293 | Slime:1  | Gained mutation: You tend to lose your temper in combat. [a shining eye]
 73294 | Slime:1  | Gained mutation: You are very dopey. (Int -4) [a shining eye]
 73449 | Slime:2  | Identified Peanweuth's Tome of the Snowflakes and Displacement (Sif Muna gifted it to you on level 2 of the Pits of Slime)
 73449 | Slime:2  | Received a gift from Sif Muna
 73481 | Slime:2  | Found a viscous altar of Jiyva.
 73632 | Slime:1  | Gained mutation: You are occasionally teleported next to monsters. [a shining eye]
 73908 | Slime:3  | Noticed Dissolution
 73911 | Slime:3  | Killed Dissolution
 74135 | Slime:2  | Reached skill level 10 in Fire Magic
 74800 | Slime:4  | Gained mutation: You are very frail. (-20% HP) [a shining eye]
 75095 | Slime:5  | Entered Level 5 of the Pits of Slime
 75238 | Slime:3  | Identified Sif Muna's Guide on Creation and Bewitchment (Sif Muna gifted it to you on level 3 of the Pits of Slime)
 75238 | Slime:3  | Received a gift from Sif Muna
 76123 | D:10     | Learned a level 5 spell: Fireball
 76268 | Vaults:1 | Bought a ration for 55 gold pieces
 76268 | Vaults:1 | Bought a ration for 55 gold pieces
 76268 | Vaults:1 | Bought a ration for 55 gold pieces
 76268 | Vaults:1 | Bought a ration for 55 gold pieces
 76268 | Vaults:1 | Bought a ration for 55 gold pieces
 76268 | Vaults:1 | Bought a ration for 55 gold pieces
 76268 | Vaults:1 | Bought a ration for 55 gold pieces
 76268 | Vaults:1 | Bought a ration for 55 gold pieces
 76268 | Vaults:1 | Bought a ration for 55 gold pieces
 76268 | Vaults:1 | Bought a ration for 55 gold pieces
 76268 | Vaults:1 | Bought a ration for 55 gold pieces
 76268 | Vaults:1 | Bought a ration for 55 gold pieces
 76525 | Depths:1 | Reached skill level 15 in Spellcasting
 76603 | Depths:1 | Got a coiled zirconium amulet
 76619 | Depths:1 | Identified the amulet of Wuro {Reflect rF++ MR+ SH+2} (You found it on level 1 of the Depths)
 76677 | Depths:1 | Reached XP level 24. HP: 96/124 MP: 29/42
 77065 | D:10     | Lost mutation: You are very frail. (-20% HP) [potion of mutation]
 77065 | D:10     | Lost mutation: You sometimes yell uncontrollably at your foes. [potion of mutation]
 77065 | D:10     | Lost mutation: You are frail. (-10% HP) [potion of mutation]
 77065 | D:10     | Lost mutation: You are occasionally teleported next to monsters. [potion of mutation]
 77065 | D:10     | Gained mutation: You evolve. [potion of mutation]
 77066 | D:10     | Lost mutation: You tend to lose your temper in combat. [potion of mutation]
 77066 | D:10     | Lost mutation: You occasionally shout uncontrollably at your foes. [potion of mutation]
 77066 | D:10     | Lost mutation: You are very dopey. (Int -4) [potion of mutation]
 77066 | D:10     | Gained mutation: Your magical capacity is low. (-10% MP) [potion of mutation]
 77066 | D:10     | Gained mutation: You have a pair of small horns on your head. [potion of mutation]
 77066 | D:10     | Gained mutation: You are partially covered in thin metallic scales. (AC +2) [potion of mutation]
 77067 | D:10     | Lost mutation: You expend magic power (3 MP) to strengthen your wands. [potion of mutation]
 77067 | D:10     | Lost mutation: You evolve. [potion of mutation]
 77067 | D:10     | Gained mutation: You have large cloven feet. [potion of mutation]
 77067 | D:10     | Gained mutation: You are resistant to hostile enchantments. (MR+) [potion of mutation]
 77068 | D:10     | Lost mutation: Your magical capacity is low. (-10% MP) [potion of mutation]
 77068 | D:10     | Lost mutation: Scrolls take you a little longer to read. [potion of mutation]
 77068 | D:10     | Gained mutation: You have a somewhat thin skeletal structure. (Dex +2, Stealth) [potion of mutation]
 77068 | D:10     | Gained mutation: Your magical capacity is low. (-10% MP) [potion of mutation]
 77068 | D:10     | Gained mutation: Your spells are a little harder to cast, but a little more powerful. [potion of mutation]
 77070 | D:10     | Lost mutation: You have large cloven feet. [potion of mutation]
 77070 | D:10     | Lost mutation: You are dopey. (Int -2) [potion of mutation]
 77070 | D:10     | Gained mutation: You have large cloven feet. [potion of mutation]
 77174 | Orc:2    | Bought a potion of mutation for 80 gold pieces
 77268 | D:10     | Learned a level 8 spell: Ignition
 77611 | Depths:1 | Found a gateway to Hell.
 77865 | Depths:1 | Got a translucent buckler
 77874 | Depths:1 | Identified the +2 buckler of the Wasteland {rN+ Int+7 SInv} (You found it on level 1 of the Depths)
 77949 | Depths:1 | Found a one-way gate to the infinite horrors of the Abyss.
 78011 | Depths:1 | Found a one-way gate leading to the halls of Pandemonium.
 78472 | Depths:2 | Identified Daluywn's Almanac of Shifting Good Luck (Sif Muna gifted it to you on level 2 of the Depths)
 78472 | Depths:2 | Received a gift from Sif Muna
 78510 | Depths:1 | Noticed Mara
 79013 | Depths:2 | Got a jewelled scale mail
 79014 | Depths:2 | Identified the +1 scale mail of Action {rF+++ rC- Regen+ Str+4} (You found it on level 2 of the Depths)
 80391 | Depths:2 | Reached skill level 15 in Fire Magic
 80930 | Depths:2 | Received a gift from Sif Muna
 81455 | Depths:1 | Noticed w00t's illusion
 81469 | Depths:1 | Killed Mara
 82095 | Depths:3 | Found a transporter.
 82159 | Depths:3 | Reached XP level 25. HP: 137/159 MP: 22/37
 82299 | Depths:3 | Found a magical portal.
 82307 | WizLab   | Entered Wucad Mu's Monastery
 82752 | WizLab   | Found the +9 staff of Wucad Mu {channel}
 83088 | Depths:3 | Found a transporter.
 83780 | Depths:4 | Found a corrupted altar of Lugonu.
 84033 | Depths:4 | Identified Quab's Guide on Execration (Sif Muna gifted it to you on level 4 of the Depths)
 84033 | Depths:4 | Received a gift from Sif Muna
 85609 | Depths:4 | Identified Sif Muna's Grimoire of Translocation
 85759 | Depths:5 | Entered Level 5 of the Depths
 85765 | Depths:5 | Noticed Margery
 87100 | Depths:4 | Reached ****** piety under Sif Muna
 87514 | Depths:5 | Reached skill level 16 in Fighting
 87956 | Depths:5 | Received a gift from Sif Muna
 88254 | Depths:5 | Reached XP level 26. HP: 168/168 MP: 27/37
 88377 | Depths:5 | Found a gateway to a ziggurat.
 88449 | Depths:5 | Killed Margery
 88450 | Depths:5 | Found Vyxtaigi's Food Shoppe.
 88893 | Depths:5 | Found a gate to the Realm of Zot.
 89023 | Depths:5 | Found Musemp's Assorted Antiques.
 89031 | Depths:5 | Found Gulestr Bemn's Distillery.
 89033 | Depths:5 | Bought a scroll of teleportation for 93 gold pieces
 89033 | Depths:5 | Bought a scroll of teleportation for 93 gold pieces
 89040 | Depths:5 | Bought a potion of heal wounds for 50 gold pieces
 89040 | Depths:5 | Bought a potion of magic for 80 gold pieces
 89040 | Depths:5 | Bought a potion of heal wounds for 50 gold pieces
 89040 | Depths:5 | Bought a potion of brilliance for 40 gold pieces
 89397 | Depths:4 | Reached skill level 15 in Armour
 90002 | Crypt:1  | Entered Level 1 of the Crypt
 90598 | Slime:5  | Noticed the Royal Jelly
 90873 | Slime:5  | Killed the Royal Jelly
 91150 | Slime:5  | Found the +6 Majin-Bo {vamp, Archmagi MP+6 Int+6}
 91161 | Slime:5  | Got a glittering golden ring
 91281 | Slime:5  | Got a slimy rune of Zot
 91302 | Slime:5  | Identified the ring of Lilacs {+Blink Int+4} (You found it on level 5 of the Pits of Slime)
 91753 | Zot:1    | Entered Level 1 of the Realm of Zot
 92027 | Zot:1    | Identified Sif Muna's Handbook of Evil Magic (Sif Muna gifted it to you on level 1 of the Realm of Zot)
 92027 | Zot:1    | Received a gift from Sif Muna
 92487 | Zot:1    | Reached skill level 17 in Fighting
 93500 | Zot:2    | Reached XP level 27. HP: 138/177 MP: 10/37
 95383 | Vaults:5 | Entered Level 5 of the Vaults
 95385 | Vaults:5 | Reached skill level 18 in Fighting
 95418 | Vaults:5 | Identified Sif Muna's Volume of Attacks (Sif Muna gifted it to you on level 5 of the Vaults)
 95418 | Vaults:5 | Received a gift from Sif Muna
 95637 | Vaults:5 | Got a twisted ring mail
 95652 | Vaults:5 | Identified the +1 ring mail "Zaniazah" {rF+ SInv} (You found it on level 5 of the Vaults)
 95788 | Vaults:5 | Paralysed by a floating eye for 3 turns
 95957 | Vaults:5 | Found Lytow's Antique Weapon Emporium.
 96280 | Vaults:5 | Identified the Grimoire of the Birds and the Frostbite
 96375 | Vaults:5 | Identified the Compendium of Burning Envenoming
 97345 | Vaults:5 | Got a silver rune of Zot
 98265 | Crypt:1  | Reached skill level 19 in Fighting
 98268 | Crypt:1  | Reached skill level 5 in Shields
 98621 | Crypt:1  | Received a gift from Sif Muna
 98636 | Crypt:1  | Learned a level 9 spell: Shatter
100126 | Crypt:3  | Entered Level 3 of the Crypt
101410 | Crypt:3  | Found a staircase to the Tomb.
101844 | Crypt:3  | Reached skill level 15 in Stealth
102082 | Crypt:3  | Noticed a greater mummy
102085 | Crypt:3  | Killed a greater mummy
102371 | Crypt:3  | Got a vibrating jade ring
102372 | Crypt:3  | Identified the ring of Polytheism {rN+ SInv} (You took it off a guardian mummy on level 3 of the Crypt)
102404 | Crypt:3  | Found an ancient bone altar of Kikubaaqudgha.
102531 | Crypt:3  | Got a translucent garnet amulet
102536 | Crypt:3  | Identified the amulet "Weugani" {Inacc rElec} (You found it on level 3 of the Crypt)
102599 | Crypt:3  | Got a smoking glass ring
102606 | Crypt:3  | Identified the ring "Gomeguem" {rElec rN+} (You took it off a guardian mummy on level 3 of the Crypt)
104025 | Zot:3    | Identified Sif Muna's Handbook of the Hierophant (Sif Muna gifted it to you on level 3 of the Realm of Zot)
104025 | Zot:3    | Received a gift from Sif Muna
106833 | Zot:5    | Entered Level 5 of the Realm of Zot
107024 | Zot:5    | Reached skill level 20 in Fighting
107134 | Zot:5    | Noticed an ancient lich
107140 | Zot:5    | Noticed an orb of fire
107140 | Zot:5    | Killed an ancient lich
107140 | Zot:5    | Identified Sif Muna's Compendium of Venom and Confrontation (Sif Muna gifted it to you on level 5 of the Realm of Zot)
107140 | Zot:5    | Received a gift from Sif Muna
107148 | Zot:5    | Killed an orb of fire
107322 | Zot:5    | Noticed an orb of fire
107322 | Zot:5    | Gained mutation: You do not regenerate when monsters are visible. [an orb of fire]
107330 | Zot:5    | Killed an orb of fire
107503 | Zot:5    | Noticed an orb of fire
107508 | Zot:5    | Killed an orb of fire
107512 | Zot:5    | Noticed an orb of fire
107515 | Zot:5    | Gained mutation: Scrolls take you a little longer to read. [an orb of fire]
107526 | Zot:5    | Killed an orb of fire
107526 | Zot:5    | Reached skill level 21 in Fighting
107668 | Zot:5    | Noticed an orb of fire
107679 | Zot:5    | Killed an orb of fire
107851 | Zot:5    | Noticed an ancient lich
107856 | Zot:5    | Killed an ancient lich
107996 | Zot:5    | Noticed an ancient lich
108000 | Zot:5    | Killed an ancient lich
108000 | Zot:5    | Reached skill level 22 in Fighting
108113 | Zot:5    | Noticed an orb of fire
108125 | Zot:5    | Killed an orb of fire
108602 | Zot:5    | Noticed an orb of fire
108604 | Zot:5    | Gained mutation: Your body sometimes deteriorates upon taking damage. [an orb of fire]
108606 | Zot:5    | Killed an orb of fire
108878 | Zot:5    | Reached skill level 1 in Maces & Flails
109190 | Zot:5    | Noticed an orb of fire
109198 | Zot:5    | Killed an orb of fire
109411 | Zot:5    | Identified Sif Muna's Guide on the Mountains and Companions (Sif Muna gifted it to you on level 5 of the Realm of Zot)
109411 | Zot:5    | Received a gift from Sif Muna
109450 | Zot:5    | Reached skill level 23 in Fighting
109802 | Zot:4    | Reached skill level 5 in Maces & Flails
110630 | Zot:4    | Lost mutation: You are resistant to hostile enchantments. (MR+) [potion of mutation]
110630 | Zot:4    | Lost mutation: You are partially covered in thin metallic scales. (AC +2) [potion of mutation]
110630 | Zot:4    | Lost mutation: You have a pair of small horns on your head. [potion of mutation]
110630 | Zot:4    | Lost mutation: Your magical capacity is low. (-10% MP) [potion of mutation]
110630 | Zot:4    | Gained mutation: You have a moderately thin skeletal structure. (Dex +4, Stealth+) [potion of mutation]
110631 | Zot:4    | Lost mutation: Scrolls take you a little longer to read. [potion of mutation]
110631 | Zot:4    | Lost mutation: You do not regenerate when monsters are visible. [potion of mutation]
110631 | Zot:4    | Lost mutation: Your body sometimes deteriorates upon taking damage. [potion of mutation]
110631 | Zot:4    | Gained mutation: Your flesh is heat resistant. (rF+) [potion of mutation]
110631 | Zot:4    | Gained mutation: You possess an exceptional clarity of mind. [potion of mutation]
110631 | Zot:4    | Gained mutation: You have a pair of small horns on your head. [potion of mutation]
110632 | Zot:4    | Lost mutation: Your spells are a little harder to cast, but a little more powerful. [potion of mutation]
110632 | Zot:4    | Lost mutation: Your flesh is heat resistant. (rF+) [potion of mutation]
110632 | Zot:4    | Lost mutation: You possess an exceptional clarity of mind. [potion of mutation]
110632 | Zot:4    | Lost mutation: You have a pair of small horns on your head. [potion of mutation]
110632 | Zot:4    | Gained mutation: You are agile. (Dex +2) [potion of mutation]
110632 | Zot:4    | Gained mutation: You are very agile. (Dex +4) [potion of mutation]
111149 | Depths:1 | Voluntarily entered the Abyss.
111297 | Depths:1 | Escaped the Abyss
111428 | Depths:1 | Voluntarily entered the Abyss.
111903 | Abyss:2  | Found a corrupted altar of Lugonu.
112629 | Abyss:3  | Received a gift from Sif Muna
112740 | Depths:1 | Escaped the Abyss
112988 | Depths:1 | Learned a level 8 spell: Lehudib's Crystal Spear
113011 | Depths:1 | Voluntarily entered the Abyss.
113011 | Abyss:1  | Found a corrupted altar of Lugonu.
113253 | Abyss:1  | Found a corrupted altar of Lugonu.
113319 | Abyss:2  | Found a corrupted altar of Lugonu.
113699 | Abyss:2  | Found a corrupted altar of Lugonu.
113906 | Abyss:2  | Received a gift from Sif Muna
114066 | Abyss:2  | Found a corrupted altar of Lugonu.
114310 | Abyss:2  | Gained mutation: You are dopey. (Int -2) [a neqoxec]
114329 | Abyss:2  | Paralysed by accursed screaming for 1 turns
114353 | Depths:1 | Escaped the Abyss
114527 | Depths:1 | Voluntarily entered the Abyss.
114670 | Abyss:1  | Got an encrusted battleaxe
115064 | Abyss:1  | Reached skill level 10 in Invocations
115172 | Abyss:2  | Found a corrupted altar of Lugonu.
115175 | Abyss:2  | Found a burning altar of Makhleb.
115394 | Abyss:2  | Got an encrusted mace
115409 | Abyss:2  | Found a corrupted altar of Lugonu.
115487 | Abyss:2  | Reached skill level 10 in Maces & Flails
115607 | Abyss:2  | Identified Sif Muna's Reference Book on Ashen Arcane Weapons (Sif Muna gifted it to you on level 2 of the Abyss)
115607 | Abyss:2  | Received a gift from Sif Muna
116341 | Abyss:3  | Found a corrupted altar of Lugonu.
116555 | Abyss:3  | Noticed an ancient lich
117496 | Abyss:3  | Identified Sif Muna's Tome of Dark Lightness (Sif Muna gifted it to you on level 3 of the Abyss)
117496 | Abyss:3  | Received a gift from Sif Muna
118026 | Abyss:4  | Reached skill level 24 in Fighting
118199 | Depths:1 | Escaped the Abyss
118298 | Depths:1 | Identified the +6 mace of Gozag's Regard {holy, +Rage} (You found it on level 2 of the Abyss)
118299 | Depths:1 | Identified the +8 battleaxe of the Harvest {protect, rC+ Dex+4} (You found it on level 1 of the Abyss)
118308 | Depths:1 | Voluntarily entered the Abyss.
118636 | Depths:1 | Escaped the Abyss
118693 | Depths:1 | Voluntarily entered the Abyss.
118801 | Abyss:3  | Found a corrupted altar of Lugonu.
118885 | Abyss:3  | Got a translucent helmet
118893 | Abyss:3  | Got a smoking dagger
118897 | Abyss:3  | Identified the cursed +0 helmet "Ycioproc" {rPois rC+} (You found it on level 3 of the Abyss)
118976 | Abyss:3  | Identified Sif Muna's Almanac of Arcane Weapons (Sif Muna gifted it to you on level 3 of the Abyss)
118976 | Abyss:3  | Received a gift from Sif Muna
119991 | Abyss:3  | Found a deep blue altar of Sif Muna.
120959 | Abyss:3  | Lost mutation: You have a moderately thin skeletal structure. (Dex +4, Stealth+) [a neqoxec]
120976 | Abyss:3  | Reached skill level 10 in Shields
121154 | Abyss:3  | Found an opulent altar of Gozag.
121166 | Abyss:3  | Gained mutation: You are weak. (Str -2) [a neqoxec]
121174 | Abyss:3  | Gained mutation: You expend magic power (3 MP) to strengthen your wands. [a neqoxec]
121649 | Abyss:3  | Received a gift from Sif Muna
121652 | Abyss:3  | Identified Sif Muna's Disquisition on Battle Magic and Poison (Sif Muna gifted it to you on level 3 of the Abyss)
121696 | Abyss:3  | Got an abyssal rune of Zot
122059 | Depths:1 | Escaped the Abyss
122060 | Depths:1 | Identified the cursed +0 dagger of the Beast {speed, Str+4 Dex+2} (You found it on level 3 of the Abyss)
122335 | D:10     | Learned a level 9 spell: Fire Storm
122475 | Depths:1 | Voluntarily entered the Abyss.
122479 | Abyss:1  | Noticed an ancient lich
122486 | Abyss:1  | Killed an ancient lich
122826 | Abyss:1  | Reached skill level 25 in Fighting
123230 | Abyss:1  | Found a corrupted altar of Lugonu.
123841 | Abyss:1  | Identified Sif Muna's Collected Works on Conjuration (Sif Muna gifted it to you on level 1 of the Abyss)
123841 | Abyss:1  | Received a gift from Sif Muna
123852 | Abyss:1  | Got a twisted eveningstar
124089 | Abyss:1  | Reached skill level 15 in Shields
124103 | Abyss:1  | Found a corrupted altar of Lugonu.
124126 | Depths:1 | Escaped the Abyss
124128 | Depths:1 | Identified the +5 eveningstar of Ambiguity {flame, rF+ Str+3 SInv} (You found it on level 1 of the Abyss)
124413 | Depths:5 | Bought a ration for 50 gold pieces
124413 | Depths:5 | Bought a ration for 50 gold pieces
124413 | Depths:5 | Bought a ration for 50 gold pieces
124413 | Depths:5 | Bought a ration for 50 gold pieces
124413 | Depths:5 | Bought a ration for 50 gold pieces
124413 | Depths:5 | Bought a ration for 50 gold pieces
124413 | Depths:5 | Bought a ration for 50 gold pieces
124413 | Depths:5 | Bought a ration for 50 gold pieces
124413 | Depths:5 | Bought a ration for 50 gold pieces
124413 | Depths:5 | Bought a ration for 50 gold pieces
124413 | Depths:5 | Bought a ration for 50 gold pieces
124413 | Depths:5 | Bought a ration for 50 gold pieces
124413 | Depths:5 | Bought a ration for 50 gold pieces
124413 | Depths:5 | Bought a ration for 50 gold pieces
124546 | Depths:1 | Voluntarily entered the Abyss.
124715 | Abyss:1  | Noticed an ancient lich
124752 | Abyss:1  | Killed an ancient lich
125095 | Depths:1 | Escaped the Abyss
125398 | Depths:3 | Got a scorched iron ring
125415 | Depths:3 | Got a translucent iron amulet
125515 | Depths:3 | Identified the ring of Duuvum {*Tele rC+ Str+4 Slay+3} (You took it off a spriggan defender on level 3 of the Depths)
125516 | Depths:3 | Identified the amulet "Dilicso" {Inacc rPois rC- Dex+6 SInv} (You found it on level 3 of the Depths)
125587 | Depths:1 | Voluntarily entered the Abyss.
126278 | Abyss:1  | Gained mutation: You are frail. (-10% HP) [a neqoxec]
126297 | Abyss:1  | Identified Boekk's Almanac of Unholy Arcane Weapons (Sif Muna gifted it to you on level 1 of the Abyss)
126297 | Abyss:1  | Received a gift from Sif Muna
126679 | Abyss:1  | Got a steaming robe
126680 | Abyss:1  | Identified the +2 robe "Rydi Lamu" {rC- SInv Stlth+} (You found it on level 1 of the Abyss)
126682 | Abyss:1  | Found a corrupted altar of Lugonu.
126985 | Abyss:1  | Reached skill level 26 in Fighting
127185 | Depths:1 | Escaped the Abyss
127343 | D:10     | Learned a level 8 spell: Necromutation
127480 | Depths:1 | Voluntarily entered the Abyss.
127480 | Abyss:1  | Found a corrupted altar of Lugonu.
127592 | Abyss:1  | Reached skill level 1 in Transmutations
127690 | Abyss:1  | Noticed an ancient lich
127734 | Abyss:1  | Killed an ancient lich
128010 | Abyss:1  | Found a corrupted altar of Lugonu.
128134 | Abyss:1  | Identified Sif Muna's Reference Book on Arcane Weapons (Sif Muna gifted it to you on level 1 of the Abyss)
128134 | Abyss:1  | Received a gift from Sif Muna
128517 | Abyss:1  | Gained mutation: Scrolls take you a little longer to read. [a neqoxec]
129275 | Abyss:1  | Found a stormy altar of Qazlal.
129483 | Abyss:1  | Found a stormy altar of Qazlal.
129920 | Depths:1 | Escaped the Abyss
130304 | Crypt:3  | Got a scorched great sword {freeze}
130520 | Depths:1 | Identified the +7 great sword "Ufauxzust" {freeze, +Rage rPois Int-2} (You took it off a greater mummy on level 3 of the Crypt)
130548 | Depths:1 | Voluntarily entered the Abyss.
130876 | Abyss:1  | Reached skill level 5 in Transmutations
131096 | Abyss:1  | Received a gift from Sif Muna
131102 | Abyss:1  | Identified Cubbo's Handbook of Lethal Good Luck (Sif Muna gifted it to you on level 1 of the Abyss)
131362 | Abyss:1  | Reached skill level 27 in Fighting
131800 | Depths:1 | Escaped the Abyss
131876 | Depths:1 | Voluntarily entered the Abyss.
132585 | Abyss:1  | Identified Sif Muna's Catalogue of the Sinister Rocks (Sif Muna gifted it to you on level 1 of the Abyss)
132585 | Abyss:1  | Received a gift from Sif Muna
132708 | Abyss:1  | Noticed an ancient lich
132720 | Depths:1 | Escaped the Abyss
132886 | Depths:1 | Voluntarily entered the Abyss.
133245 | Abyss:1  | Found a corrupted altar of Lugonu.
133296 | Abyss:1  | Found a basalt altar of Yredelemnul.
134245 | Depths:1 | Escaped the Abyss
134432 | Hell     | Entered the Vestibule of Hell
134432 | Hell     | Noticed Geryon
134441 | Hell     | Killed Geryon
134462 | Hell     | Reached skill level 10 in Transmutations
134462 | Hell     | Identified Sif Muna's Collected Works on Dark Battle Magic (Sif Muna gifted it to you in the Vestibule of Hell)
134462 | Hell     | Received a gift from Sif Muna
134496 | Hell     | Found a gateway to the freezing wastes of Cocytus.
134918 | Hell     | Found a gateway to the Iron City of Dis.
135114 | Hell     | Found a gateway to the decaying netherworld of Tartarus.
135224 | Hell     | Found a gateway to the ashen valley of Gehenna.
135715 | D:14     | Learned a level 4 spell: Passage of Golubria
135975 | Depths:1 | Voluntarily entered the Abyss.
136086 | Abyss:1  | Reached skill level 1 in Staves
136431 | Abyss:1  | Reached skill level 5 in Translocations
136443 | Abyss:1  | Received a gift from Sif Muna
136443 | Abyss:1  | Reached skill level 15 in Necromancy
136449 | Abyss:1  | Identified Sif Muna's Papyrus of the Assistive Arsonist (Sif Muna gifted it to you on level 1 of the Abyss)
136587 | Depths:1 | Escaped the Abyss
136896 | Geh:1    | Entered Level 1 of Gehenna
137777 | Depths:1 | Voluntarily entered the Abyss.
137827 | Abyss:1  | Found a corrupted altar of Lugonu.
138207 | Abyss:1  | Identified Qunitie's Incunabulum of Arcane Weapons and the Mountains (Sif Muna gifted it to you on level 1 of the Abyss)
138207 | Abyss:1  | Received a gift from Sif Muna
139736 | Abyss:1  | Identified Sif Muna's Catalogue of Flames (Sif Muna gifted it to you on level 1 of the Abyss)
139736 | Abyss:1  | Received a gift from Sif Muna
139759 | Depths:1 | Escaped the Abyss
139771 | Depths:1 | Voluntarily entered the Abyss.
140029 | Abyss:2  | Found a corrupted altar of Lugonu.
140570 | Abyss:2  | Got a jewelled broad axe
140577 | Abyss:2  | Identified the +7 broad axe of Exquisite Death {chop, Int+2} (You found it on level 2 of the Abyss)
141140 | Abyss:2  | Identified Sif Muna's Almanac of Dusty Enchantment (Sif Muna gifted it to you on level 2 of the Abyss)
141140 | Abyss:2  | Received a gift from Sif Muna
141285 | Abyss:2  | Noticed an ancient lich
141292 | Abyss:2  | Killed an ancient lich
142030 | Abyss:2  | Found a radiant altar of Vehumet.
142146 | Abyss:2  | Found a corrupted altar of Lugonu.
142535 | Abyss:2  | Found a corrupted altar of Lugonu.
142540 | Abyss:2  | Got a sparkling brass ring
142543 | Abyss:2  | Identified the ring "Maceih" {AC+3 SInv} (You found it on level 2 of the Abyss)
142689 | Abyss:2  | Identified Sif Muna's Guide on Confrontation and Fire (Sif Muna gifted it to you on level 2 of the Abyss)
142689 | Abyss:2  | Received a gift from Sif Muna
143328 | Abyss:2  | Learned a level 6 spell: Death Channel
143392 | Depths:1 | Escaped the Abyss
143660 | Depths:1 | Voluntarily entered the Abyss.
143684 | Abyss:1  | Noticed an ancient lich
143906 | Abyss:1  | Identified Riux's Grimoire of Displacement (Sif Muna gifted it to you on level 1 of the Abyss)
143906 | Abyss:1  | Received a gift from Sif Muna
144903 | Depths:1 | Escaped the Abyss
144992 | Depths:1 | Voluntarily entered the Abyss.
145249 | Abyss:1  | Found a stormy altar of Qazlal.
145250 | Abyss:1  | Identified Sif Muna's Incunabulum of Hexes (Sif Muna gifted it to you on level 1 of the Abyss)
145250 | Abyss:1  | Received a gift from Sif Muna
145489 | Abyss:1  | Found a corrupted altar of Lugonu.
145578 | Abyss:1  | Found an ancient bone altar of Kikubaaqudgha.
145578 | Abyss:1  | Found a deep blue altar of Sif Muna.
145578 | Abyss:1  | Found an ornate altar of the Wu Jian Council.
145578 | Abyss:1  | Found a shimmering altar of Xom.
145578 | Abyss:1  | Found a glowing silver altar of Zin.
145578 | Abyss:1  | Found a hazy altar of Hepliaklqana.
145578 | Abyss:1  | Found a stormy altar of Qazlal.
145578 | Abyss:1  | Found an opulent altar of Gozag.
145578 | Abyss:1  | Found a shadowy altar of Dithmenos.
145578 | Abyss:1  | Found a bloodstained altar of Trog.
145581 | Abyss:1  | Found a burning altar of Makhleb.
145583 | Abyss:1  | Found a blossoming altar of Fedhas.
145583 | Abyss:1  | Found a glowing golden altar of the Shining One.
145583 | Abyss:1  | Found a snail-covered altar of Cheibriados.
145585 | Abyss:1  | Found a white marble altar of Elyvilon.
145585 | Abyss:1  | Found a radiant altar of Vehumet.
145585 | Abyss:1  | Found a shattered altar of Ashenzari.
145585 | Abyss:1  | Found an iron altar of Okawaru.
145594 | Abyss:1  | Found a white marble altar of Elyvilon.
145596 | Abyss:1  | Found a hide-covered altar of Uskayaw.
145596 | Abyss:1  | Found a sparkling altar of Nemelex Xobeh.
145596 | Abyss:1  | Found a radiant altar of Vehumet.
145681 | Abyss:1  | Found a blossoming altar of Fedhas.
145681 | Abyss:1  | Found a glowing golden altar of the Shining One.
145681 | Abyss:1  | Found a snail-covered altar of Cheibriados.
145683 | Abyss:1  | Found a white marble altar of Elyvilon.
145683 | Abyss:1  | Found a shattered altar of Ashenzari.
145683 | Abyss:1  | Found an iron altar of Okawaru.
145685 | Abyss:1  | Found a radiant altar of Vehumet.
145745 | Abyss:1  | Found an opulent altar of Gozag.
145745 | Abyss:1  | Found a deep blue altar of Sif Muna.
145747 | Abyss:1  | Found a shimmering altar of Xom.
145747 | Abyss:1  | Found a bloodstained altar of Trog.
145749 | Abyss:1  | Found a glowing silver altar of Zin.
145953 | Abyss:1  | Found a hazy altar of Hepliaklqana.
145955 | Abyss:1  | Found a bloodstained altar of Trog.
145960 | Abyss:1  | Found an ancient bone altar of Kikubaaqudgha.
145960 | Abyss:1  | Found a deep blue altar of Sif Muna.
145960 | Abyss:1  | Found an opulent altar of Gozag.
145999 | Abyss:1  | Found an ancient bone altar of Kikubaaqudgha.
145999 | Abyss:1  | Found a hazy altar of Hepliaklqana.
146001 | Abyss:1  | Found an ornate altar of the Wu Jian Council.
146003 | Abyss:1  | Found a deep blue altar of Sif Muna.
146003 | Abyss:1  | Found a glowing silver altar of Zin.
146003 | Abyss:1  | Found a stormy altar of Qazlal.
146003 | Abyss:1  | Found an opulent altar of Gozag.
146003 | Abyss:1  | Found a shadowy altar of Dithmenos.
146003 | Abyss:1  | Found a bloodstained altar of Trog.
146005 | Abyss:1  | Found a burning altar of Makhleb.
146165 | Abyss:1  | Found a snail-covered altar of Cheibriados.
146165 | Abyss:1  | Found a blossoming altar of Fedhas.
146165 | Abyss:1  | Found a glowing golden altar of the Shining One.
146168 | Abyss:1  | Found a shattered altar of Ashenzari.
146168 | Abyss:1  | Found a white marble altar of Elyvilon.
146168 | Abyss:1  | Found an iron altar of Okawaru.
146168 | Abyss:1  | Found a radiant altar of Vehumet.
146170 | Abyss:1  | Found a sparkling altar of Nemelex Xobeh.
146170 | Abyss:1  | Found a hide-covered altar of Uskayaw.
146170 | Abyss:1  | Found a radiant altar of Vehumet.
146227 | Abyss:1  | Identified Lerr's Papyrus of the Oath and the Voyage (Sif Muna gifted it to you on level 1 of the Abyss)
146227 | Abyss:1  | Received a gift from Sif Muna
146381 | Abyss:1  | Found a shattered altar of Ashenzari.
148031 | Depths:1 | Escaped the Abyss
148204 | D:10     | Learned a level 8 spell: Infestation
148348 | Depths:1 | Voluntarily entered the Abyss.
148348 | Abyss:1  | Found a corrupted altar of Lugonu.
148413 | Abyss:1  | Found a corrupted altar of Lugonu.
148771 | Abyss:1  | Identified Sif Muna's Handbook of Moulding (Sif Muna gifted it to you on level 1 of the Abyss)
148771 | Abyss:1  | Received a gift from Sif Muna
148831 | Abyss:1  | Found a corrupted altar of Lugonu.
148841 | Abyss:2  | Found a corrupted altar of Lugonu.
148908 | Abyss:2  | Found a corrupted altar of Lugonu.
149105 | Abyss:2  | Found a corrupted altar of Lugonu.
149134 | Abyss:2  | Paralysed by accursed screaming for 1 turns
149136 | Abyss:2  | Paralysed by accursed screaming for 1 turns
149270 | Abyss:2  | Paralysed by accursed screaming for 1 turns
149332 | Depths:1 | Escaped the Abyss
150029 | Geh:2    | Received a gift from Sif Muna
150058 | Geh:2    | Identified Sif Muna's Volume of Necromancy (Sif Muna gifted it to you on level 2 of Gehenna)
150769 | Geh:7    | Entered Level 7 of Gehenna
150931 | Geh:7    | Identified Sif Muna's Catalogue of the Destructive Rocks (Sif Muna gifted it to you on level 7 of Gehenna)
150931 | Geh:7    | Received a gift from Sif Muna
151848 | Geh:7    | HP: 9/185 [Brimstone Fiend/damnation (40)]
151968 | Geh:7    | Identified Vuvek's Papyrus of Ignition and Shape Shifting (Sif Muna gifted it to you on level 7 of Gehenna)
151968 | Geh:7    | Received a gift from Sif Muna
152699 | Geh:7    | Killed from afar by a Brimstone Fiend

Skill      XL: |  1  2  3  4  5  6  7  8  9 10 11 12 13 14 15 16 17 18 19 20 21 22 23 24 25 26 27 |
---------------+----------------------------------------------------------------------------------+-----
Fighting       | 1 3 4 7 8 10 11 12 13 14 15 16 17 27 | 27.0
Earth Magic    | 4 7 8 9 10 11 13 15 16 17 18 23 | 23.7
Shields        | 1 2 3 4 15 | 15.0
Short Blades   | 1 2 |  2.0
Stealth        | 3 4 5 8 9 10 11 22 | 22.0
Conjurations   | 1 2 4 5 9 10 12 14 16 17 20 | 20.7
Spellcasting   | 6 8 9 10 11 12 13 15 22 | 22.4
Armour         | 2 4 6 8 9 10 14 17 | 17.4
Axes           | 3 5 7 8 9 10 11 13 14 | 14.3
Dodging        | 2 3 5 6 8 10 13 | 13.6
Charms         | 1 2 3 5 7 |  7.2
Translocations | 1 2 5 |  5.0
Evocations     | 2 3 4 |  4.9
Air Magic      | 2 |  2.5
Necromancy     | 3 5 7 9 10 21 | 21.8
Invocations    | 3 12 | 12.6
Fire Magic     | 2 5 7 11 16 18 21 | 21.5
Maces & Flails | 11 | 11.1
Transmutations | 10 | 10.0
Staves         | 1 |  1.2

Action                   |  1- 3 |  4- 6 |  7- 9 | 10-12 | 13-15 | 16-18 | 19-21 | 22-24 | 25-27 || total
-------------------------+-------+-------+-------+-------+-------+-------+-------+-------+-------++-------
Melee: Unarmed           |    13 |       |       |       |       |       |       |       |       ||    13
       Short sword       |    95 |   197 |   158 |       |       |       |       |       |       ||   450
       Executioner's axe |       |       |     1 |   286 |   639 |   704 |   444 |   415 |   350 ||  2839
       Whip              |       |       |       |       |    47 |       |       |       |       ||    47
       Flail             |       |       |       |       |     1 |    76 |       |       |  3237 ||  3314
       Headbutt          |       |       |       |       |       |       |       |    18 |    96 ||   114
       Staff             |       |       |       |       |       |       |       |       |    21 ||    21
Throw: Stone             |    14 |     1 |       |       |       |       |       |       |       ||    15
 Cast: Sandblast         |     7 |    10 |    97 |    76 |    68 |    83 |     9 |     2 |     2 ||   354
       Stone Arrow       |       |    16 |    32 |    95 |    46 |     8 |       |       |       ||   197
       Lee's Rapid Decon |       |       |     2 |    14 |     4 |    63 |    21 |    23 |    14 ||   141
       Shroud of Golubri |       |       |       |     7 |    55 |    35 |    17 |    16 |    25 ||   155
       Animate Skeleton  |       |       |       |       |    50 |    39 |    16 |    23 |    11 ||   139
       Regeneration      |       |       |       |       |    57 |    56 |    27 |    34 |    82 ||   256
       Borgnjor's Vile C |       |       |       |       |    27 |   170 |   313 |   238 |  1942 ||  2690
       Petrify           |       |       |       |       |     6 |     3 |       |       |       ||     9
       Swiftness         |       |       |       |       |     6 |     8 |     1 |     4 |     8 ||    27
       Bolt of Magma     |       |       |       |       |     1 |       |     4 |     1 |       ||     6
       Iron Shot         |       |       |       |       |       |    76 |    22 |    61 |   491 ||   650
       Orb of Destructio |       |       |       |       |       |       |    27 |    44 |   132 ||   203
       Fireball          |       |       |       |       |       |       |       |    11 |    15 ||    26
       Ignition          |       |       |       |       |       |       |       |     1 |   164 ||   165
       Necromutation     |       |       |       |       |       |       |       |       |   165 ||   165
       Shatter           |       |       |       |       |       |       |       |       |   120 ||   120
       Infestation       |       |       |       |       |       |       |       |       |    99 ||    99
       Lehudib's Crystal |       |       |       |       |       |       |       |       |    29 ||    29
       Death Channel     |       |       |       |       |       |       |       |       |    25 ||    25
       Fire Storm        |       |       |       |       |       |       |       |       |     4 ||     4
       Passage of Golubr |       |       |       |       |       |       |       |       |     2 ||     2
Invok: Divine Energy     |       |       |       |     1 |       |       |       |       |       ||     1
       Channel Magic     |       |       |       |       |     5 |     1 |     6 |     9 |    86 ||   107
       Forget Spell      |       |       |       |       |       |     3 |       |       |     2 ||     5
 Abil: Stop Flying       |       |       |       |     1 |     2 |     2 |       |     1 |     2 ||     8
       Evoke Flight      |       |       |       |     1 |       |       |       |       |       ||     1
       Fly               |       |       |       |       |     2 |     2 |       |       |     2 ||     6
       End Transformatio |       |       |       |       |       |       |       |       |     1 ||     1
Evoke: Wand              |       |       |     2 |    16 |    12 |    14 |       |    27 |    69 ||   140
       Box of beasts     |       |       |       |       |     1 |     1 |       |       |     2 ||     4
       Phial of floods   |       |       |       |       |       |       |       |     2 |    13 ||    15
       Sack of spiders   |       |       |       |       |       |       |       |     2 |     3 ||     5
       Horn of Geryon    |       |       |       |       |       |       |       |       |     3 ||     3
  Use: Scroll            |       |     6 |       |     9 |    13 |    20 |    11 |     9 |    57 ||   125
       Potion            |       |     1 |     3 |     1 |     5 |     5 |     3 |     7 |    20 ||    45
 Stab: Sleeping          |       |     5 |     3 |       |     1 |     5 |     4 |     7 |    18 ||    43
       Distracted        |       |       |       |       |     1 |     3 |     1 |       |    55 ||    60
       Petrified         |       |       |       |       |     1 |       |       |       |       ||     1
  Eat: Chunk             |     2 |    11 |    13 |    30 |    36 |    69 |    74 |    49 |    88 ||   372
       Ration            |       |       |     1 |     2 |     4 |    18 |     9 |    10 |    51 ||    95
Armor: Robe              |    36 |    75 |    91 |       |       |       |       |       |       ||   202
       Scale mail        |       |       |       |   348 |   999 |  1026 |   409 |       |       ||  2782
       Chain mail        |       |       |       |       |       |    34 |   252 |   552 |  2848 ||  3686
Dodge: Dodged            |    57 |   123 |   107 |   227 |   797 |   950 |   410 |   371 |  2804 ||  5846
Block: Buckler           |    13 |    45 |    47 |       |       |       |       |       |  2293 ||  2398
       Other             |       |       |       |       |       |    98 |    99 |    77 |    51 ||   325
       Reflection        |       |       |       |       |       |       |    19 |     8 |    45 ||    72
